 Dungeon Crawl Stone Soup version 0.19-a0-682-g708bd0e (webtiles) character file.

214 Magifyre the Ruffian (level 5, -1/52 HPs)
             Began as a Troll Monk on June 18, 2016.
             Slain by a slave (7 damage)
             ... led by Pikel
             ... on level 4 of the Dungeon.
             The game lasted 00:09:30 (3059 turns).

Magifyre the Ruffian (Troll Monk)                   Turns: 3059, Time: 00:09:31

Health: -1/52      AC: 10    Str: 20    XL:     5   Next: 60%
Magic:  13/13      EV: 10    Int:  6    God:
Gold:   81         SH:  0    Dex: 12    Spells: 0 memorised, 4 levels left

rFire  . . .     SeeInvis .       - Unarmed
rCold  . . .     Gourm    +     a - +0 robe
rNeg   . . .     Faith    .     (no shield)
rPois  .         Spirit   .     (helmet restricted)
rElec  .         Dismiss  .     i - +0 cloak
rCorr  .         Reflect  .     (gloves unavailable)
SustAt .         Harm     .     (boots unavailable)
MR     .....                    e - amulet of magic regeneration
Stlth  +.........               u - ring of magical power
                                o - +4 ring of protection

@: drained, not resistant to hostile enchantments, very unstealthy
A: unfitting armour, claws 3, fast metabolism 3, gourmand, regeneration 2,
shaggy fur 1, tough skin 2
a: no special abilities


You were on level 4 of the Dungeon.
You were completely stuffed.

You visited 1 branch of the dungeon, and saw 4 of its levels.

You collected 81 gold pieces.

Inventory:

Missiles
 h - 94 stones
 x - 20 poisoned needles (quivered)
Armour
 a - a +0 robe (worn)
 i - a +0 cloak (worn)
Jewellery
 e - an amulet of magic regeneration (around neck)
 o - a +4 ring of protection (left claw)
 u - a ring of magical power (right claw)
Wands
 v - a wand of iceblast (9/15)
Scrolls
 c - 2 scrolls of remove curse {unknown}
 d - 2 scrolls of teleportation {unknown}
 n - a scroll of noise {unknown}
 r - a scroll of enchant weapon {unknown}
 s - a scroll of enchant armour {unknown}
 w - a scroll of random uselessness {unknown}
Potions
 f - a potion of brilliance
 g - 2 potions of agility
 j - a potion of resistance
 k - 2 potions of curing {unknown}
 l - 2 potions of flight {unknown}
 p - a potion of haste {unknown}
 q - a potion of lignification {unknown}
 z - a potion of beneficial mutation {unknown}
Comestibles
 b - 5 bread rations
 t - a meat ration


   Skills:
 - Level 2.9(2.8) Fighting
 - Level 2.4(2.3) Dodging
 - Level 1.1(1.0) Stealth
 * Level 6.0 Unarmed Combat


You had 4 spell levels left.
You didn't know any spells.

Dungeon Overview and Level Annotations

Branches:
Dungeon (4/15)
 Temple: D:4-7

Altars:
Ashenzari
Hepliaklqana
Kikubaaqudgha
Pakellas
Ru
Vehumet
Xom
Yredelemnul

Annotations:
D:4 Pikel


Innate Abilities, Weirdness & Mutations

You are too large for most types of armour.
You have claws for hands.
Your metabolism is lightning-fast.
You like to eat raw meat.
You heal very quickly.
You are covered in fur. (AC +1)
You have very tough skin. (AC +2)


Message History

The slave hits you.
You claw Pikel!
Pikel is moderately wounded.
The slave hits you. x2; Pikel hits you with a whip of freezing!
Pikel freezes you.
* * * LOW HITPOINT WARNING * * *
The slave hits you.
* * * LOW HITPOINT WARNING * * *
You closely miss Pikel. You claw Pikel!
Pikel is heavily wounded.
The slave closely misses you. The slave completely misses you.
Pikel hits you but does no damage.
You closely miss Pikel.
Pikel is heavily wounded.
The slave hits you.
* * * LOW HITPOINT WARNING * * *
The slave hits you.
* * * LOW HITPOINT WARNING * * *
The slave hits you!
You die...

#.^....# ...#..<...###
....#.........
....#......### #####
....#.........
###....###....###...####
................#...####
$.....pp........#...##..
.../..p@........#...##..
......K##...###+#.......
....... #...##..###.#.#.
##..... #...........#.##
############...........#...
.......................####
..........................
..........................
.###
##.....####.##..###+####


You could see Pikel and 3 slaves.

Vanquished Creatures
  A slave (D:4)
  A hound (D:4)
  10 adders
  2 oozes
  5 dart slugs
  2 giant geckos
  5 orcs
  A giant cockroach (D:3)
  6 goblins
  11 hobgoblins
  5 quokkas
  A ball python (D:1)
  7 bats
  3 giant newts
  10 kobolds
  3 rats
73 creatures vanquished.

Vanquished Creatures (others)
  A wolf spider (D:2)
1 creature vanquished.

Grand Total: 74 creatures vanquished

Notes
Turn   | Place    | Note
--------------------------------------------------------------
     0 | D:1      | Magifyre the Troll Monk began the quest for the Orb.
     0 | D:1      | Reached XP level 1. HP: 22/22 MP: 0/0
   132 | D:1      | Reached XP level 2. HP: 28/29 MP: 1/1
   468 | D:1      | Reached XP level 3. HP: 33/36 MP: 2/2
   747 | D:1      | Reached skill level 4 in Unarmed Combat
  1045 | D:2      | Reached XP level 4. HP: 43/44 MP: 3/3
  1420 | D:2      | Reached skill level 5 in Unarmed Combat
  1583 | D:2      | Found a basalt altar of Yredelemnul.
  1620 | D:2      | Found an oddly glowing altar of Pakellas.
  1620 | D:2      | Noticed a wolf spider
  1631 | D:2      | Killed a wolf spider
  1637 | D:2      | Noticed a toenail golem
  1657 | D:2      | Found a sacrificial altar of Ru.
  1874 | D:3      | Reached XP level 5. HP: 52/52 MP: 4/4
  1891 | D:3      | Found a shattered altar of Ashenzari.
  1894 | D:3      | Found a shimmering altar of Xom.
  1898 | D:3      | Found a radiant altar of Vehumet.
  1907 | D:3      | Found an ancient bone altar of Kikubaaqudgha.
  2938 | D:4      | Found a hazy altar of Hepliaklqana.
  3001 | D:4      | Reached skill level 6 in Unarmed Combat
  3047 | D:4      | Noticed a slave
  3047 | D:4      | Noticed a slave
  3047 | D:4      | Noticed a slave
  3048 | D:4      | Noticed Pikel
  3048 | D:4      | Noticed a slave
  3052 | D:4      | Killed a slave
  3059 | D:4      | Slain by a slave

Vault maps used:
D:1:      dpeg_arrival_three_bigger_balls
D:2:      gammafunk_pakellas_its_alive, lemuel_coloured_pillars_altar,
          nicolae_ru_the_path_less_chosen
D:3:      overflow_temple_1_default, grunt_temple_overflow_open,
          serial_co_window_serial, co_window_paths_a, co_window_paths_a,
          co_window_paths_a, co_window_paths_b, co_window_paths_a,
          co_window_broadway_c, co_window_of_opportunity_b, co_window_2corner,
          co_window_corner_b, co_window_unsneaky_path_e, co_window_cross_4,
          co_window_paths_d, glass_columns_b, glass_columns_a, glass_columns_b
D:4:      nicolae_overflow_crystal_walls, first_bread, uniq_robin, uniq_pikel

Skill      XL: |  1  2  3  4  5 |
---------------+----------------+-----
Unarmed Combat | 4 5 6 |  6.0
Fighting       | |  2.9
Dodging        | |  2.4
Stealth        | |  1.1

Action                   |  1- 3 |  4- 6 || total
-------------------------+-------+-------++-------
Melee: Unarmed           |    58 |   125 ||   183
       Punch             |     2 |     2 ||     4
  Use: Scroll            |       |     3 ||     3
 Stab: Sleeping          |     2 |       ||     2
  Eat: Chunk             |    15 |    18 ||    33
Armor: Robe              |    17 |    62 ||    79
Dodge: Dodged            |    23 |    70 ||    93
